 Dungeon Crawl Stone Soup version 0.21.1-1-g345015fe64 (webtiles) character file.

1367 Htamos the Carver (level 8, -9/58 (59) HPs)
             Began as a Barachi Berserker on July 14, 2018.
             Was a Priest of Trog.
             Mangled by a hornet (15 damage)
             ... on level 6 of the Dungeon.
             The game lasted 00:13:03 (6590 turns).

Htamos the Carver (Barachi Berserker)               Turns: 6590, Time: 00:13:04

HP:   -9/58 (59)    AC:  5    Str: 21    XL:     8   Next: 65%
MP:   8/8           EV: 11    Int:  7    God:    Trog [***...]
Gold: 324           SH:  0    Dex: 12    Spells: 7/7 levels left

rFire    . . .     SeeInvis .   a - +0 falchion
rCold    . . .     Gourm    .   (no shield)
rNeg     . . .     Faith    .   g - +0 ring mail
rPois    .         Spirit   .   (no helmet)
rElec    .         Reflect  .   (no cloak)
rCorr    +         Harm     .   (no gloves)
MR       .....                  (no boots)
Stlth    ++........             (no amulet)
HPRegen  0.19/turn              m - ring of resist corrosion
MPRegen  0.11/turn              p - ring of stealth

@: lethally poisoned (-9 -> -24), slowed, very slow
A: +LOS, swims, slowness 1, strong legs 1
a: Hop, Berserk, Trog's Hand, Burn Spellbooks, Renounce Religion


You were on level 6 of the Dungeon.
You worshipped Trog.
Trog was most pleased with you.
You were hungry.

You visited 1 branch of the dungeon, and saw 6 of its levels.

You collected 324 gold pieces.

Inventory:

Hand Weapons
 a - a +0 falchion (weapon)
 n - a cursed -1 hunting sling
 I - a +1 rapier of venom
Missiles
 o - 143 stones (quivered)
 F - 19 sling bullets
Armour
 b - a +0 animal skin
 g - a +0 ring mail (worn)
Jewellery
 m - a ring of resist corrosion (left hand)
 p - a ring of stealth (right hand)
 C - an uncursed ring of teleportation
Wands
 k - a wand of polymorph (3)
 s - a wand of digging (13)
 H - a wand of disintegration (14)
Scrolls
 e - a scroll of random uselessness
 h - 3 scrolls of teleportation
 i - a scroll of fear {unknown}
 j - 4 scrolls of remove curse
 l - 2 scrolls of immolation {unknown}
 r - a scroll of magic mapping
 u - a scroll of enchant weapon {unknown}
 y - a scroll of fog {unknown}
 A - 3 scrolls of enchant armour {unknown}
 D - 2 scrolls of amnesia {unknown}
 E - 3 scrolls of identify
Potions
 d - a potion of cancellation
 f - 2 potions of flight
 q - a potion of mutation {unknown}
 v - a potion of haste {unknown}
 w - a potion of curing
 x - 2 potions of lignification
 z - a potion of ambrosia
 B - a potion of might {unknown}
 G - a potion of brilliance {unknown}
Comestibles
 c - 6 rations
 J - 2 chunks of flesh


   Skills:
 - Level 3.6 Fighting
 + Level 12.4 Long Blades
 - Level 2.4 Armour
 - Level 2.1 Dodging


You had 7 spell levels left.
You didn't know any spells.

Dungeon Overview and Level Annotations

Branches:
Dungeon (6/15)
 Temple: D:4-7

Altars:
Makhleb

Shops:
D:4 =

Annotations:
D:5 1 runed door


Innate Abilities, Weirdness & Mutations

Shadows flee at your approach. (+LOS)
You can swim through water.
You cover ground slowly.
You can hop short distances.


Message History

Aiming: Iceblast
Press: ? - help, Shift-Dir - straight line The mass of ice explodes!
The iceblast engulfs the hornet.
The hornet is almost dead.
You feel sick. The hornet misses you. The hornet stings you.
* * * LOW HITPOINT WARNING * * *
You shrug off the repeated paralysis!
Unknown command.
Evoke which item? (* to show all) (? for menu, Esc to quit)
Aiming: Iceblast
Press: ? - help, Shift-Dir - straight line The mass of ice explodes!
The iceblast engulfs the hornet.
The hornet is almost dead.
The now-empty wand crumbles to dust.
You feel yourself speed up.
You feel sick. The hornet stings you.
* * * LOW HITPOINT WARNING * * *
You are more poisoned.
You feel yourself slow down. The hornet stings you!
You die...

######### ..?.....#####$.##.###
......... ... ...##.###O##.....
######### #.# #.#$[?'.#####...
....#########.# #.##.###ZZ..##..
..#........##.####..#'#.#y?.).#..
.....................(..#ah...#..
...#######.##.##.#####(.#J....#.(
....... #....##.# #.(##.?.##.)
....... #######@# #...#####.##
##..(.. #.(....y# ##........##
#..... #.......# #.#.#......
#.....# #(......# #.#.##...##
#.....# #.......# #.#....#...
#.###.# #.......# #.%..#.##.# .
.#.......#########.#....#
..................#.#.####
#.#######.#######.#.#.....


You could see a hornet.

Vanquished Creatures
  A golden eye (D:6)
  Menkaure (D:6)
  A black bear (D:6)
  A necrophage (D:5)
  A phantom (D:6)
  A centaur (D:6)
  A big kobold (D:4)
  A jelly (D:4)
  A crimson imp (D:5)
  A bullfrog zombie (D:5)
  A quasit (D:5)
  An orc priest (D:4)
  An orc wizard (D:5)
  2 bullfrog skeletons (D:5)
  Natasha (thrice) (D:4)
  An iguana (D:5)
  6 worker ants
  A hound skeleton (D:5)
  A worker ant zombie (D:5)
  3 adders
  3 shadow imps
  2 oozes (D:1)
  4 adder skeletons
  2 worms
  3 dart slugs
  2 leopard geckos
  11 orcs
  12 bats
  7 giant cockroaches
  9 goblins
  13 hobgoblins
  4 jackals
  8 kobolds
  2 quokkas
  4 ball pythons
  3 frilled lizards
  6 rats
125 creatures vanquished.

Notes
Turn   | Place    | Note
-------+----------+-------------------------------------------
     0 | D:1      | Htamos the Barachi Berserker began the quest for the Orb.
     0 | D:1      | Reached XP level 1. HP: 18/18 MP: 1/1
   181 | D:1      | Reached skill level 4 in Long Blades
   183 | D:1      | Reached XP level 2. HP: 15/24 MP: 2/2
   587 | D:1      | Reached XP level 3. HP: 26/29 MP: 3/3
   667 | D:1      | Reached skill level 5 in Long Blades
   986 | D:2      | Reached ** piety under Trog
  1228 | D:2      | Reached XP level 4. HP: 28/36 MP: 4/4
  1301 | D:2      | Reached skill level 6 in Long Blades
  1939 | D:3      | Found a burning altar of Makhleb.
  1940 | D:3      | Noticed a green death
  2294 | D:3      | Reached XP level 5. HP: 41/41 MP: 5/5
  2297 | D:3      | Reached *** piety under Trog
  2462 | D:4      | Reached skill level 7 in Long Blades
  2867 | D:4      | Noticed a big kobold
  2883 | D:4      | Killed a big kobold
  2883 | D:4      | Reached XP level 6. HP: 37/47 MP: 6/6
  2967 | D:4      | Found Gipnorcho's Jewellery Shoppe.
  3184 | D:4      | Noticed Natasha
  3191 | D:4      | Killed Natasha
  3191 | D:4      | Reached skill level 8 in Long Blades
  3191 | D:4      | Noticed Natasha
  3205 | D:4      | Killed Natasha
  3356 | D:4      | Noticed Natasha
  3638 | D:4      | Killed Natasha
  3699 | D:5      | Entered Level 5 of the Dungeon
  3938 | D:5      | Reached skill level 9 in Long Blades
  4099 | D:4      | Reached XP level 7. HP: 31/52 MP: 7/7
  4535 | D:5      | Found a runed door.
  4666 | D:5      | Reached skill level 10 in Long Blades
  5277 | D:6      | Noticed Menkaure
  5328 | D:6      | Killed Menkaure
  5432 | D:6      | Noticed a golden eye
  5432 | D:6      | an ice beast changed into a golden eye
  5465 | D:6      | Killed a golden eye
  5465 | D:6      | Reached skill level 11 in Long Blades
  5465 | D:6      | Reached XP level 8. HP: 51/59 MP: 8/8
  5823 | D:6      | Noticed a hornet
  6039 | D:5      | Reached skill level 12 in Long Blades
  6586 | D:6      | Paralysed by a hornet for 1 turns
  6590 | D:6      | Mangled by a hornet

Skill      XL: |  1  2  3  4  5  6  7  8 |
---------------+-------------------------+-----
Long Blades    | 4 5 6 7 9 11 12 | 12.4
Fighting       | |  3.6
Armour         | |  2.4
Dodging        | |  2.1

Action                   |  1- 3 |  4- 6 |  7- 9 || total
-------------------------+-------+-------+-------++-------
Melee: Falchion          |   110 |   198 |   198 ||   506
       Unarmed           |       |     3 |       ||     3
       Rapier            |       |       |     8 ||     8
Evoke: Wand              |       |       |    15 ||    15
  Use: Scroll            |       |    10 |     1 ||    11
       Potion            |       |       |     3 ||     3
 Stab: Confused          |       |     1 |       ||     1
       Sleeping          |       |       |     1 ||     1
  Eat: Chunk             |     1 |     7 |     5 ||    13
       Ration            |       |     1 |     1 ||     2
Armor: Animal skin       |     9 |       |       ||     9
       Ring mail         |    45 |    50 |    50 ||   145
       Skin              |       |     2 |     3 ||     5
Dodge: Dodged            |    92 |   140 |    82 ||   314
       Rpst.: Falchion   |    20 |    38 |    23 ||    81
